 Dungeon Crawl Stone Soup version 0.15.0-12-gccce430 (console) character file.

46 gw the Cudgeler (level 3, 0/40 HPs)
             Began as an Ogre Berserker on Sept 1, 2014.
             Was a Follower of Trog.
             Slain by an adder (5 damage)
             ... on Level 2 of the Dungeon.
             The game lasted 00:00:25 (1381 turns).

gw the Cudgeler (Ogre Berserker)                    Turns: 1381, Time: 00:00:25

HP   0/40        AC  3     Str 22      XL: 3   Next: 66%
MP   3/3         EV 10     Int  6      God: Trog [*.....]
Gold 0           SH  0     Dex 10      Spells:  0 memorised,  2 levels left

rFire  . . .     SeeInvis .     a - +1 mace
rCold  . . .     Clarity  .     b - +0 animal skin
rNeg   . . .     rCorr    .     (shield restricted)
rPois  .         rRot     .     (helmet restricted)
rElec  .         Spirit   .     (no cloak)
SustAb .         Warding  .     (gloves unavailable)
rMut   .         Stasis   .     (boots unavailable)
Gourm  .                        (no amulet)
MR     .....                    (no ring)
                                (no ring)

@: lethally poisoned, not resistant to hostile enchantments, very unstealthy
A: unfitting armour, tough skin 1
a: Burn Spellbooks, Berserk, Renounce Religion


You were on level 2 of the Dungeon.
You worshipped Trog.
Trog was aware of your devotion.
You were hungry.

You visited 1 branch of the dungeon, and saw 2 of its levels.

Inventory:

Hand weapons
 a - a +1 mace (weapon)
Missiles
 d - 66 stones (quivered)
Armour
 b - a +0 animal skin (worn)
Comestibles
 c - a meat ration
 h - 2 fruits
 i - a slice of pizza
 l - 2 bread rations
 o - a royal jelly
Scrolls
 e - a scroll of identify {unknown}
 j - 2 scrolls of fog
 m - a scroll of remove curse
Potions
 g - 2 potions of restore abilities


   Skills:
 + Level 4.3 Fighting
 * Level 4.9 Maces & Flails
 + Level 1.3 Throwing
 + Level 3.3 Dodging


You had 2 spell levels left.
You didn't know any spells.

Dungeon Overview and Level Annotations

Branches:
Dungeon (2/15)

Altars:


Innate Abilities, Weirdness & Mutations

You are too large for most types of armour.
You have tough skin (AC +1).


Message History

MOVING TO (4,0)
You feel sick.
FLEEEEING!
MOVING TO (3,0)
There is an open door here.
MOVING TO (2,0)
You feel sick. The adder bites you.
MOVING TO (1,0) MOVING TO (-8,0)
You feel sick. The adder bites you but does no damage.
MOVING TO (-7,1)
The adder bites you. x2
There is an open door here.
MOVING TO (-6,0)
You feel sick.
MOVING TO (-5,0) MOVING TO (-4,0) MOVING TO (-3,0)
The adder bites you.
You die...

...............#
...............#
#.............##
##+####'####'##
#.....#..#
#.....#..#
####.....####
#..#.....#..#
#..'.OS..'..#
####'###'####
#..#..# #..%..#
#######


You could see an adder.

Table legend:
 A = Turns spent in this place as a percentage of turns spent in the entire game.
 B = Non-inter-level travel turns spent in this place as a percentage of non-inter-level travel turns spent in the entire game.
 C = Inter-level travel turns spent in this place as a percentage of turns spent in this place.
 D = Turns resting spent in this place as a percentage of non-inter-level travel turns spent in this place.
 E = Turns spent auto-exploring this place as a percentage of non-inter-level travel turns spent in this place.
 F = Non-inter-level travel turns spent in this place divided by the number of levels of this place that you've seen.
                   A       B       C       D       E      F
               +-------+-------+-------+-------+-------+----------------------
         Total | 100.0 | 100.0 |   0.5 |  10.6 |  25.1 | 103.5
       Dungeon | 100.0 | 100.0 |   0.5 |  10.6 |  25.1 | 103.5
               +-------+-------+-------+-------+-------+----------------------

Table legend:
 A = Kills in this place as a percentage of kills in entire the game.
 B = Kills by you in this place as a percentage of kills by you in the entire game.
 C = Kills by friends in this place as a percentage of kills by friends in the entire game.
 D = Other kills in this place as a percentage of other kills in the entire game.
 E = Experience gained in this place as a percentage of experience gained in the entire game.
 F = Experience gained in this place divided by the number of levels of this place that you have seen.
                   A       B       C       D       E      F
               +-------+-------+-------+-------+-------+----------------------
         Total | 100.0 | 100.0 |  -nan |  -nan | 100.0 |  33.0
       Dungeon | 100.0 | 100.0 |  -nan |  -nan | 100.0 |  33.0
               +-------+-------+-------+-------+-------+----------------------

Vanquished Creatures
  3 adders (D:2)
  3 bats
  A giant cockroach (D:1)
  A hobgoblin (D:2)
  A quokka (D:2)
  4 ball pythons (D:2)
  A giant newt (D:2)
  3 goblins (D:1)
  2 rats
19 creatures vanquished.

Notes
Turn   | Place    | Note
--------------------------------------------------------------
     0 | D:1      | gw, the Ogre Berserker, began the quest for the Orb.
     0 | D:1      | Reached XP level 1. HP: 24/24 MP: 1/1
   673 | D:1      | Reached XP level 2. HP: 32/32 MP: 2/2
   898 | D:2      | Reached skill level 1 in Throwing
  1179 | D:2      | Reached XP level 3. HP: 37/39 MP: 3/3
  1381 | D:2      | Slain by an adder

Action                   || total
-------------------------++-------
Melee: Mace              ||    57
Throw: Stone             ||    27
Invok: Berserk           ||     1
  Use: Scroll            ||     5
       Potion            ||     3
  Eat: Chunk             ||     2

Vault maps used:
D:1:      dpeg_arrival_rooms_b
D:2:      minmay_misc_feat_chi, minmay_snake_closets, uniq_crazy_yiuf_cottage
